 Dungeon Crawl Stone Soup version 0.30-a0-845-g7c6808c8ce (webtiles) character file.

Game seed: 4930841644356650547

84 domi the Sneak (level 4, -1/33 HPs)
             Began as a Vampire Brigand on Mar 2, 2023.
             Slain by a ball python (3 damage)
             ... on level 3 of the Dungeon.
             The game lasted 00:01:40 (1505 turns).

domi the Sneak (Vampire Brigand)                    Turns: 1505, Time: 00:01:40

Health: -1/33      AC:  3    Str: 10    XL:     4   Next: 23%
Magic:  4/4        EV:  9    Int: 13    God:
Gold:   108        SH:  0    Dex: 17    Spells: 3/3 levels left

rFire   . . .      SeeInvis +    g - +0 short sword (venom)
rCold   . . .      Faith    .    (no shield)
rNeg    + . .      Spirit   .    b - +0 robe
rPois   .          Reflect  .    (no helmet)
rElec   .          Rampage  .    c - +0 cloak
rCorr   .                        (no gloves)
Will    .....                    (no boots)
Stlth   ++++                     (no amulet)
HPRegen 0.45/turn                h - ring of positive energy {rN+}
MPRegen 0.09/turn                (no ring)

@: mighty, healing quickly, constricted
A: alive, fangs 3, see invisible, vampiric 2
a: Exsanguinate


You were on level 3 of the Dungeon.
You visited 1 branch of the dungeon, and saw 3 of its levels.

You collected 108 gold pieces.

Inventory:

Hand Weapons
 a - a +2 dagger
 g - a +0 short sword of venom (weapon)
   (You took it off a kobold on level 1 of the Dungeon)
Missiles
 d - 12 poisoned darts
 e - 3 curare-tipped darts {=f}
Armour
 b - a +0 robe (worn)
 c - a +0 cloak (worn)
Jewellery
 h - a ring of positive energy (left hand) {rN+}
   (You found it on level 1 of the Dungeon)
 k - a +6 ring of intelligence
   (You found it on level 1 of the Dungeon)
 q - a +4 ring of protection
   (You found it on level 2 of the Dungeon)
Scrolls
 f - a scroll of torment {unknown}
 j - 2 scrolls of vulnerability {unknown}
 m - 2 scrolls of identify {unknown}
 n - a scroll of fog {unknown}
 p - a scroll of blinking {unknown}
 r - 3 scrolls of immolation {unknown}
Potions
 i - a potion of degeneration {unknown}
 l - a potion of might
 o - a potion of heal wounds {unknown}


   Skills:
 - Level 1.7 Fighting
 + Level 3.8 Short Blades
 - Level 1.5 Throwing
 - Level 1.1 Dodging
 + Level 7.4 Stealth


You had 3 spell levels left.
You didn't know any spells.
Your spell library contained the following spells:

 Spells                   Type           Power      Damage    Failure   Level
 Freeze                   Ice            0%         1d3       30%         1
 Magic Dart               Conj           0%         1d3       30%         1
 Searing Ray              Conj           0%         2d4       43%         2
 Frozen Ramparts          Ice            0%         1d1       67%         3
 Hailstorm                Conj/Ice       0%         3d3       67%         3
 Fulminant Prism          Conj/Hex       0%         3d5       97%         4


Dungeon Overview and Level Annotations

Branches:
Dungeon (3/15)

Altars:

Shops:
D:1 (


Innate Abilities, Weirdness & Mutations

Your natural rate of healing is accelerated.
You have razor-sharp teeth.
You have supernaturally acute eyesight. (SInv)
You are afflicted with vampirism and can become a bat while bloodless.


Message History

Moving in this stuff is going to be slow.
You see here 5 stones.
j - 2 scrolls labelled PACYVOT YCIUF (gained 1)
A hobgoblin comes into view.
The hobgoblin shouts!
The hobgoblin moves out of view.
No target in view!
A hobgoblin is nearby!
The hobgoblin closely misses you.
A hobgoblin is nearby!
A hobgoblin is nearby!
You hit the hobgoblin.
The hobgoblin hits you but does no damage.
A hobgoblin is nearby!
You hit the hobgoblin.
The hobgoblin is poisoned.
You kill the hobgoblin!
You see here a hobgoblin corpse.
r - 3 scrolls labelled WAASASO YLEGA No target in view!
There is a shaft here.
Items here: ( ) [ ÷.
You enter the shallow water.
Moving in this stuff is going to be slow.
Done exploring.
No target in view!
Done exploring.
No target in view!
Done exploring.
No target in view!
Done exploring.
No target in view!
Done exploring.
No target in view!
Done exploring.
(D) Dungeon
Where to? (Enter - D:2, ? - help)
There is a stone staircase leading down here.
You climb downwards.
The orc shouts! x2; The ball python hisses angrily.
There is a stone staircase leading up here.
There are monsters nearby!
There are monsters nearby!
You barely miss the orc. Your bite misses the orc.
There are monsters nearby!
You hit the orc.
The orc is poisoned.
The orc hits you but does no damage.
There are monsters nearby!
You hit the orc.
The orc looks as sick as possible!
You kill the orc!
The orc misses you. The orc priest closely misses you.
You barely miss the orc priest. The ball python closely misses you.
The ball python grabs you. The ball python constricts you.
The orc hits you with a +0 club.
The orc priest hits you with a +0 dagger.
You hit the orc priest. Your bite misses the orc priest.
The ball python bites you but does no damage.
The ball python constricts you. The orc hits you with a +0 club.
The orc priest invokes the aid of Beogh against you.
Pain shoots through your body!
You hit the orc priest.
The orc priest is poisoned.
You punch the orc priest. The ball python bites you.
The ball python constricts you.
You hit the orc priest but do no damage.
The orc priest looks as sick as possible!
The orc hits you with a +0 club.
The orc priest calls down the wrath of Beogh upon you.
Pain shoots through your body! The ball python barely misses you.
The ball python constricts you.
You hit the orc priest but do no damage.
The orc priest looks as sick as possible!
The orc priest hits you with a +0 dagger.
The orc hits you with a +0 club.
* * * LOW HITPOINT WARNING * * *
The ball python bites you.
* * * LOW HITPOINT WARNING * * *
The ball python constricts you.
You hit the orc.
The orc is poisoned.
The orc hits you but does no damage.
The ball python bites you but does no damage.
The ball python constricts you.
The orc priest calls upon Beogh to heal the orc.
The orc's wounds heal themselves!
You closely miss the orc priest. The ball python bites you.
* * * LOW HITPOINT WARNING * * *
The ball python constricts you.
* * * LOW HITPOINT WARNING * * *
The orc closely misses you.
The orc priest hits you with a +0 dagger.
* * * LOW HITPOINT WARNING * * *
Unknown command.
It was a potion of might.
You feel very mighty all of a sudden. The ball python bites you.
* * * LOW HITPOINT WARNING * * *
The ball python constricts you.
* * * LOW HITPOINT WARNING * * *
The orc priest hits you but does no damage.
The orc closely misses you.
Okay, then.
You barely miss the orc priest.
You kill the orc priest!
The ball python bites you.
You die...

#.......#
#.......###
#.........#≈
#..........≈
#........~.≈
#........~~~
#..S.......~
#..o@....~~~
......).....~.~
#######..##...~
...# ..~ ..## ≈
...# #... #...


You could see an orc (very poisoned) and a ball python.

Vanquished Creatures
  An orc priest (D:3)
  Jessica (D:2)
  An adder (D:2)
  A dart slug (D:1)
  An orc (D:3)
  4 endoplasms
  A giant cockroach (D:1)
  2 goblins
  2 hobgoblins
  8 jackals
  2 quokkas
  4 ball pythons
  3 bats (D:1)
  4 frilled lizards
  6 kobolds
  4 rats
45 creatures vanquished.

Vanquished Creatures (others)
  A plant (D:2)
1 creature vanquished.

Grand Total: 46 creatures vanquished

Notes
Turn   | Place    | Note
-------+----------+-------------------------------------------
     0 | D:1      | domi the Vampire Brigand began the quest for the Orb.
     0 | D:1      | Reached XP level 1. HP: 16/16 MP: 1/1
    98 | D:1      | Reached skill level 6 in Stealth
   315 | D:1      | Reached XP level 2. HP: 22/22 MP: 2/2
   556 | D:1      | Found Egayr's Antique Weapon Boutique.
   656 | D:1      | Reached skill level 3 in Short Blades
   757 | D:1      | Gained mutation: You are afflicted with vampirism and can
                  | become a bat while bloodless. [Vampire growth]
   757 | D:1      | Reached XP level 3. HP: 25/27 MP: 3/3
   940 | D:2      | Noticed Jessica
   946 | D:2      | Killed Jessica
   947 | D:2      | Reached skill level 7 in Stealth
  1108 | D:2      | Reached XP level 4. HP: 33/33 MP: 4/4
  1501 | D:3      | HP: 8/33 [orc/+0 club (5)]
  1504 | D:3      | HP: 3/33 [ball python (1)]
  1505 | D:3      | Slain by a ball python

Illustrated notes

Levels and vault maps discovered:
D:1:      onia_arrival_mini_maze, layout_loops_ring, serial_shops, shop
D:2:      layout_rooms, serial_bayou_crossing, uniq_jessica
D:3:      layout_rooms, kennysheep_slug_shrine, lemuel_doored_altar,
          mainiacjoe_overflow_swirl, corexii_shack,
          chequers_serial_rivers_small_3, st_stairs_2, uniq_pargi

Skill      XL: |  1  2  3 |
---------------+----------+-----
Stealth        | 6 7 |  7.4
Short Blades   | 3 |  3.8
Fighting       | |  1.7
Throwing       | |  1.5
Dodging        | |  1.1

Action                     |  1- 3 |  4- 6 || total
---------------------------+-------+-------++-------
  Melee: Dagger            |    12 |       ||    12
         Short sword       |    79 |    29 ||   108
         Bite              |     6 |       ||     6
         Punch             |       |     1 ||     1
    Use: Potion            |       |     1 ||     1
   Stab: Sleeping          |     9 |     1 ||    10
 Armour: Robe              |    30 |     8 ||    38
  Dodge: Dodged            |    45 |    18 ||    63

Table legend: (Time is in decaauts)
 A = Elapsed time spent in this place.
 B = Non-inter-level travel time spent in this place.
 C = Inter-level travel time spent in this place.
 D = Time resting spent in this place.
 E = Time spent auto-exploring this place.
 F = Levels seen in this place.
 G = Mean time per level.
                   A        B        C        D        E       F      G
               +--------+--------+--------+--------+--------+-----+--------+
         Total |   1498 |   1451 |     47 |      0 |   1173 |   3 |  499.3 |
       Dungeon |   1498 |   1451 |     47 |      0 |   1173 |   3 |  499.3 |
               +--------+--------+--------+--------+--------+-----+--------+

Top non-repeatable levels by time:
     D:1: 842 daAuts
     D:2: 646 daAuts
     D:3: 9 daAuts

Table legend:
 A = Kills in this place as a percentage of kills in the entire game.
 B = Kills by you in this place as a percentage of kills by you in the entire game.
 C = Kills by friends in this place as a percentage of kills by friends in the entire game.
 D = Other kills in this place as a percentage of other kills in the entire game.
 E = Experience gained in this place as a percentage of experience gained in the entire game.
 F = Experience gained in this place divided by the number of levels of this place that you have seen.
                   A       B       C       D       E      F
               +-------+-------+-------+-------+-------+----------------------
         Total | 100.0 | 100.0 |   N/A |   N/A | 100.0 |  53.7
       Dungeon | 100.0 | 100.0 |   N/A |   N/A | 100.0 |  53.7
               +-------+-------+-------+-------+-------+----------------------
